 Dungeon Crawl Stone Soup version 0.27-a0-1325-g58a489ad9e (webtiles) character file.

Game seed: 2003906172021383177

18687 Feb132020 the Thaumaturge (level 12, -8/104 HPs)
             Began as a Purple Draconian Conjurer on June 23, 2021.
             Was a Believer of Ashenzari.
             Engulfed by a cloud of freezing vapour (16 damage)
             ... in an ice cave on June 24, 2021.
             The game lasted 01:17:59 (16686 turns).

Feb132020 the Thaumaturge (DrCj)                   Turns: 16686, Time: 01:17:59

Health: -8/104     AC: 14    Str: 12    XL:     12   Next: 29%
Magic:  7/27       EV: 15    Int: 19    God:    Ashenzari [**....]
Gold:   495        SH:  7    Dex: 12    Spells: 20/34 levels left

rFire    . . .     SeeInvis +   c - +0 war axe of Gehenna {vorpal, rC+}
rCold    + . .     Faith    .   w - +2 buckler "Unveiling Ethics" {Bglg, Cun} (curse)
rNeg     . . .     Spirit   .   (armour unavailable)
rPois    .         Reflect  .   (helmet restricted)
rElec    .         Harm     .   (no cloak)
rCorr    .         Rampage  .   y - +2 pair of gloves
Will     +....     Clarity  +   f - +2 pair of boots of the Esoteric Dismay {Self, Cun} (curse)
Stlth    ++........             (no amulet)
HPRegen  0.27/turn              n - ring "Omen of Ashenzari" {SInv, Melee, Fort} (curse)
MPRegen  0.20/turn              (no ring)

@: very slow
A: breathe power, AC +8, unfitting armour, cold-blooded, clarity
a: Breathe Dispelling Energy, Renounce Religion, Curse Item, Shatter the Chains


You were in an ice cave.
You worshipped Ashenzari.
Ashenzari was pleased with you.
You visited 3 branches of the dungeon, and saw 12 of its levels.
You also visited: Ossuary and Ice Cave.

You collected 495 gold pieces.

Inventory:

Hand Weapons
 a - a +2 dagger of protection
 c - the +0 war axe of Gehenna (weapon) {vorpal, rC+}
   (You found it on level 5 of the Dungeon)

   It inflicts extra damage upon your enemies.
   It protects you from cold.
 v - a +2 short sword of speed
Missiles
 u - a curare-tipped dart
Armour
 f - the cursed +2 pair of boots of the Esoteric Dismay (worn) {Self, Cun}
   (You found it on level 1 of the Dungeon)

   It has a curse which improves the following skills: Introspection: Fighting
   and Spellcasting.
   Cunning:   Dodging and Stealth.
 w - the cursed +2 buckler "Unveiling Ethics" (worn) {Bglg, Cun}
   (You found it on level 8 of the Dungeon)

   It has a curse which improves the following skills: Beguiling: Conjurations,
   Hexes and Translocations.
   Cunning:   Dodging and Stealth.
 y - a +2 pair of gloves (worn)
Magical Staves
 d - a staff of death
 p - a staff of poison
Jewellery
 n - the cursed ring "Omen of Ashenzari" (left hand) {SInv, Melee, Fort}
   (You found it on level 5 of the Dungeon)

   [ring of see invisible]

   It lets you see invisible.
   It has a curse which improves the following skills: Melee Combat: Short
   Blades, Long Blades, Axes, Maces & Flails, Polearms, Staves and Unarmed
   Combat.
   Fortitude: Shields.
Wands
 j - a wand of flame (33)
 l - a wand of iceblast (13)
 A - a wand of polymorph (6)
Scrolls
 e - 3 scrolls of vulnerability
 m - 3 scrolls of enchant armour
 q - 3 scrolls of fear
 r - 2 scrolls of blinking
 t - a scroll of amnesia
 x - a scroll of teleportation
Potions
 b - 2 potions of lignification
 g - a potion of magic
 h - a potion of cancellation
 i - 3 potions of curing
 k - 2 potions of resistance
 o - 3 potions of mutation
 s - 2 potions of heal wounds
 z - a potion of haste


   Skills:
 + Level 7.5(9.0) Fighting
 + Level 5.5(7.0) Short Blades
 + Level 7.0(9.3) Dodging
 + Level 6.6(9.0) Stealth
 + Level 5.1(6.5) Shields
 + Level 0.1(0.3) Unarmed Combat
 + Level 10.5(11.8) Spellcasting
 + Level 10.2(11.5) Conjurations
 + Level 5.4(6.9) Hexes
 * Level 4.0(5.4) Translocations


You had 20 spell levels left.
You knew the following spells:

 Your Spells              Type           Power      Damage    Failure   Level
a - Magic Dart            Conj           100%       1d8       1%          1
b - Searing Ray           Conj           100%       3d7       1%          2
c - Dazzling Flash        Conj/Hex       92%        N/A       1%          3
d - Fulminant Prism       Conj/Hex       23%        3d13      1%          4
i - Iskenderun's Mystic   Conj/Tloc      43%        2d10      1%          4

Your spell library contained the following spells:

 Spells                   Type           Power      Damage    Failure   Level
 Apportation              Tloc           62%        N/A       1%          1
 Corona                   Hex            41%        N/A       1%          1
 Confusing Touch          Hex            37%        N/A       1%          3
 Gell's Gravitas          Tloc           15%        N/A       1%          3
 Animate Skeleton         Necr           22%        N/A       6%          1
 Beastly Appendage        Tmut           22%        N/A       6%          1
 Summon Small Mammal      Summ           44%        N/A       6%          1
 Wereblood                Tmut           11%        N/A       10%         2
 Spider Form              Tmut/Pois      5%         N/A       19%         3
 Metabolic Englaciation   Hex/Ice        12%        N/A       38%         5
 Yara's Violent Unravell  Hex/Tmut       12%        3d7       38%         5
 Ice Form                 Ice/Tmut       11%        N/A       52%         4
 Petrify                  Tmut/Erth      11%        N/A       52%         4


Dungeon Overview and Level Annotations

Branches:
Dungeon (8/15)             Temple (1/1) D:6            Lair (3/6) D:8
 Spider (0/4) Lair:2      Ossuary (visited)           IceCv (1/1)
  Swamp: Lair:2-4    Shoals: Lair:2-4

Altars:
Ashenzari
Cheibriados
Dithmenos
Elyvilon
Gozag
Hepliaklqana
Kikubaaqudgha
Makhleb
Okawaru
Qazlal
Ru
Sif Muna
Trog
Vehumet
Wu Jian
Xom
Yredelemnul
Zin
The Shining One

Shops:
D:2 =   D:5 =

Annotations:
D:3 !grinder, Grinder
D:4 exclusion: two-headed ogre
D:6 2 transporters, fly's ghost, weakling DDDe
D:8 exclusion: cyclops


Innate Abilities, Weirdness & Mutations

You can breathe bolts of dispelling energy.
Your rich purple scales are hard. (AC +8)
You cannot fit into any form of body armour.
You are cold-blooded and may be slowed by cold attacks.
You possess an exceptional clarity of mind.


Message History

The polar bear completely misses you. You block the polar bear's attack.
The polar bear barely misses you. The polar bear claws you.
The polar bear claws you but does no damage.
You block the polar bear's attack. The polar bear barely misses you.
The polar bear misses you.
Aiming: Throw Flame
Press: ? - help, Shift-Dir - straight line, f/p - polar bear
Aim: a polar bear (almost dead, berserk, 77% to hit)
The puff of flame hits the polar bear.
The polar bear is almost dead.
The polar bear bites you!
The polar bear claws you but does no damage.
The polar bear barely misses you.
Aiming: Throw Flame
Press: ? - help, Shift-Dir - straight line, f/p - polar bear
Aim: a polar bear (almost dead, berserk, 77% to hit)
The puff of flame hits the polar bear!
You kill the polar bear!
Your base Dodging skill increases to level 7!
Unknown command.
The yak snorts and paws the ground.
You see here a yak skeleton.
You are engulfed in freezing vapours.
Your +2 dagger of protection goes still.
c - the +0 war axe of Gehenna (weapon)
{vorpal, rC+} You are engulfed in freezing vapours.
You resist.
Unknown command.
You are engulfed in freezing vapours.
You resist.
* * * LOW HITPOINT WARNING * * *
Unknown command.
You are engulfed in freezing vapours.
You resist.
* * * LOW HITPOINT WARNING * * *
The death yak is engulfed in freezing vapours.
Unknown command.
You are engulfed in freezing vapours.
You resist.
* * * LOW HITPOINT WARNING * * *
You enter the shallow water.
Moving in this stuff is going to be slow.
You are engulfed in freezing vapours.
You resist.
You die...

* ≈### ##..≈..#
≈≈≈ ##...## ###
###.### **##.##
##.#####
##...###≈#.?.###.
##°°#.#.# ##......
#.°##...###..#....
##○###.#..#..###.#
#@##○##.#.#.######
##°°###.#.#..##.##
###°##..#.##.....#
#{Y###..##.##.....
#°##≈≈#.#.# ####..
##.#≈≈#...### ≈##.
#.#.≈≈##..#.# ≈##
#..#≈≈≈##...##≈≈
#.Y##≈≈≈##...# ≈ #


There were no monsters in sight!

Vanquished Creatures
  2 hydras (Lair:2)
  Pikel (D:7)
  A wolf spider (Lair:2)
  A black mamba (Lair:1)
  An ice statue (IceCv)
  A torpor snail (Lair:2)
  4 cane toads
  3 komodo dragons
  2 ice devils (Lair:3)
  5 polar bears (IceCv)
  4 dream sheep (Lair:2)
  39 yaks
  A basilisk (Lair:2)
  2 steam dragons (D:6)
  Menkaure (D:5)
  2 wargs (D:8)
  6 water moccasins
  Duvessa (D:7)
  An ice beast (D:6)
  A black bear (Lair:2)
  3 ogres
  21 wolves
  A lemure (D:7)
  A kobold brigand (D:7)
  4 bullfrogs
  Dowan (D:7)
  4 scorpions
  6 wights (D:8)
  6 killer bees (D:7)
  3 howler monkeys (D:7)
  A centaur zombie (D:6)
  3 bullfrog skeletons
  A bullfrog zombie (D:5)
  A jelly (D:3)
  7 orc priests
  A gnoll shaman (D:6)
  5 hounds
  5 iguanas
  2 orc wizards (D:8)
  3 hound skeletons
  A hound zombie (D:5)
  A mummy (Ossuary)
  4 gnolls (D:6)
  2 adders
  A shadow imp (D:5)
  2 ufetubi
  2 adder skeletons
  A worm (D:5)
  2 dart slugs
  19 orcs
  3 spectral bats (Ossuary)
  7 endoplasms
  2 giant cockroaches
  12 gnoll zombies (Ossuary)
  4 goblins
  5 hobgoblins
  5 jackals
  15 kobolds
  3 quokkas
  7 ball pythons
  3 bats
  5 bat simulacra (Ossuary)
  13 frilled lizards
  4 goblin zombies
  6 hobgoblin zombies (Ossuary)
  4 kobold simulacra (Ossuary)
  5 kobold zombies (Ossuary)
  4 orc zombies (Ossuary)
  4 rats
  2 rat simulacra (Ossuary)
  A rat zombie (D:6)
  2 spectral goblins (Ossuary)
  2 spectral kobolds (Ossuary)
  5 spectral rats (Ossuary)
316 creatures vanquished.

Vanquished Creatures (others)
  3 polar bears (IceCv)
  A yak (IceCv)
  9 fulminant prisms (Lair:2)
  19 fungi
  33 plants
65 creatures vanquished.

Grand Total: 381 creatures vanquished

Notes
Turn   | Place    | Note
-------+----------+-------------------------------------------
     0 | D:1      | Feb132020 the Draconian Conjurer began the quest for the
                  | Orb.
     0 | D:1      | Reached XP level 1. HP: 14/14 MP: 3/3
   580 | D:1      | You fall into a shaft and drop 1 floor!
   582 | D:2      | Reached XP level 2. HP: 20/20 MP: 3/5
   744 | D:2      | Found Xuonutog's Jewellery Shoppe.
   784 | D:1      | Learned a level 2 spell: Searing Ray
  1300 | D:2      | Reached XP level 3. HP: 27/27 MP: 1/6
  1634 | D:2      | Found a faded altar of an unknown god.
  1673 | D:2      | Reached skill level 1 in Fighting
  2803 | D:3      | Reached XP level 4. HP: 35/35 MP: 2/7
  2963 | D:3      | Reached skill level 1 in Short Blades
  3559 | D:3      | Noticed Grinder
  3559 | D:3      | Paralysed by Grinder for 3 turns
  3582 | D:4      | Noticed a scorpion
  3587 | D:4      | Killed a scorpion
  3588 | D:4      | Reached skill level 5 in Conjurations
  3588 | D:4      | Reached XP level 5. HP: 41/41 MP: 3/9
  3767 | D:4      | You fall into a shaft and drop 1 floor!
  3767 | D:5      | Entered Level 5 of the Dungeon
  4058 | D:4      | Noticed an ogre
  4064 | D:4      | Killed an ogre
  4065 | D:4      | Reached XP level 6. HP: 50/50 MP: 5/11
  4235 | D:4      | Found a white marble altar of Elyvilon.
  4333 | D:4      | Noticed a two-headed ogre
  4339 | D:4      | Learned a level 3 spell: Dazzling Flash
  4871 | D:5      | Found Nius's Jewellery Shop.
  5013 | D:5      | Reached skill level 1 in Hexes
  5013 | D:5      | Your scales start taking on a rich purple colour.
  5013 | D:5      | Reached XP level 7. HP: 57/57 MP: 4/14
  5106 | D:5      | Identified the +0 war axe of Gehenna {vorpal, rC+}
  5221 | D:5      | Reached skill level 5 in Spellcasting
  5571 | D:5      | Noticed Menkaure
  5575 | D:5      | Killed Menkaure
  5794 | D:5      | Found a shadowy altar of Dithmenos.
  6058 | D:6      | Reached XP level 8. HP: 66/66 MP: 10/16
  6098 | D:6      | Found a sand-covered staircase.
  6173 | Ossuary  | Entered an ossuary
  7247 | D:6      | Found a staircase to the Ecumenical Temple.
  7254 | Temple   | Entered the Ecumenical Temple
  7304 | Temple   | Became a worshipper of Ashenzari the Shackled
  7305 | Temple   | Gained mutation: You possess an exceptional clarity of
                  | mind. [potion of mutation]
  7443 | D:6      | Found a transporter.
  7445 | D:6      | Noticed fly's ghost (weakling DDDe)
  7446 | D:6      | Found a transporter.
  7769 | D:6      | Found a glowing silver altar of Zin.
  7900 | D:6      | Learned a level 4 spell: Fulminant Prism
  8442 | D:7      | Noticed Duvessa
  8471 | D:7      | Noticed Dowan
  8482 | D:7      | Killed Duvessa
  8483 | D:7      | Reached skill level 5 in Fighting
  8483 | D:7      | Killed Dowan
  8642 | D:7      | Reached XP level 9. HP: 74/74 MP: 15/19
  8643 | D:7      | Reached skill level 5 in Stealth
  8804 | D:7      | Found a stormy altar of Qazlal.
  8804 | D:7      | Found an iron altar of Okawaru.
  8804 | D:7      | Found a burning altar of Makhleb.
  8845 | D:7      | Noticed Pikel
  8854 | D:7      | Killed Pikel
  9310 | D:7      | Reached skill level 5 in Hexes
  9487 | D:7      | Reached * piety under Ashenzari
 10220 | D:8      | Found a staircase to the Lair.
 10233 | D:8      | Reached skill level 1 in Shields
 10526 | D:8      | Found a bloodstained altar of Trog.
 10589 | D:8      | Found a shimmering blue altar of Sif Muna.
 10589 | D:8      | Found a snail-covered altar of Cheibriados.
 10590 | D:8      | Found a hazy altar of Hepliaklqana.
 10669 | D:8      | Noticed a cyclops
 11057 | Lair:1   | Entered Level 1 of the Lair of Beasts
 11060 | Lair:1   | Noticed a cane toad
 11066 | Lair:1   | Killed a cane toad
 11067 | Lair:1   | Reached XP level 10. HP: 86/86 MP: 14/22
 11361 | Lair:1   | Noticed a cane toad
 11371 | Lair:1   | Killed a cane toad
 12070 | Lair:1   | Noticed a black mamba
 12084 | Lair:1   | Killed a black mamba
 12413 | Lair:1   | Noticed a cane toad
 12421 | Lair:1   | Killed a cane toad
 12521 | Lair:1   | Reached XP level 11. HP: 92/94 MP: 17/25
 13020 | Lair:2   | Noticed a six-headed hydra
 13117 | Lair:2   | Reached skill level 5 in Dodging
 13223 | Lair:2   | Reached ** piety under Ashenzari
 13503 | Lair:2   | Killed a six-headed hydra
 13504 | Lair:2   | Reached skill level 5 in Short Blades
 13609 | Lair:2   | Learned a level 4 spell: Iskenderun's Mystic Blast
 13911 | Lair:2   | Reached skill level 1 in Translocations
 14164 | Lair:2   | Noticed a seven-headed hydra
 14179 | Lair:2   | Killed a seven-headed hydra
 14285 | Lair:2   | Found a hole to the Spider Nest.
 14299 | Lair:2   | Reached skill level 10 in Spellcasting
 14334 | Lair:2   | Noticed a wolf spider
 14531 | Lair:2   | Killed a wolf spider
 14760 | Lair:2   | Upgraded the game from 0.27-a0-1324-ge0d8e047f6 to
                  | 0.27-a0-1325-g58a489ad9e
 14817 | Lair:3   | Noticed a six-headed hydra
 14839 | Lair:3   | Found a frozen archway.
 14850 | IceCv    | Entered an ice cave
 15410 | IceCv    | Reached skill level 10 in Conjurations
 15724 | IceCv    | Reached XP level 12. HP: 103/103 MP: 21/27
 16456 | IceCv    | Reached skill level 5 in Shields
 16613 | IceCv    | Noticed a death yak
 16686 | IceCv    | Engulfed by a cloud of freezing vapour

Illustrated notes

Levels and vault maps discovered:
D:1:      minmay_arrival_cross, layout_loops_ring
D:2:      layout_basic, serial_shops, shop_fountains,
          hellmonk_ecumenical_altar_arch_garden, minmay_splitting_lines
D:3:      layout_basic, uniq_grinder
D:4:      layout_basic, nicolae_elyvilon_peaceful_grove
D:5:      layout_loops_ring, grunt_dithmenos_shadows, serial_shops,
          nicolae_stop_n_shop_1, minmay_lizard_king, uniq_menkaure
D:6:      layout_layer_cave, zin_scriptorium, minmay_temple_entry_slanted,
          enter_ossuary_4, gammafunk_ghost_smash
D:7:      layout_loops_ring, gammafunk_temple_overflow_forgotten, uniq_duvessa,
          uniq_pikel
D:8:      layout_basic, kennysheep_mini, gammafunk_temple_overflow_claw,
          erik_lair_orcish_takeover, kennysheep_nub, hex_intersection
Temple:   compressed_dpeg_triangle_lava_temple
Lair:1:   layout_loops_ring, chequers_serial_rivers_micro_b, grunt_megastairs_4
Lair:2:   layout_cave_pods, spider_nest_entry_rubble
Lair:3:   layout_chaotic_city, minmay_shoals_entry_centaurs,
          portal_ice_cave_demonic_guard, basic_altar, lemuel_fruit_tree
IceCv:    ice_cave_caverns_02

Skill      XL: |  1  2  3  4  5  6  7  8  9 10 11 12 |
---------------+-------------------------------------+-----
Fighting       | 1 2 3 4 5 6 7 |  7.5
Stealth        | 2 3 4 5 6 |  6.6
Short Blades   | 1 4 5 |  5.5
Dodging        | 2 3 4 6 7 |  7.0
Spellcasting   | 3 4 5 6 7 9 10 | 10.5
Conjurations   | 5 6 7 9 10 | 10.2
Hexes          | 1 2 4 5 |  5.4
Shields        | 1 3 4 5 |  5.1
Translocations | 3 4 |  4.0
Unarmed Combat | |  0.1

Action                   |  1- 3 |  4- 6 |  7- 9 | 10-12 || total
-------------------------+-------+-------+-------+-------++-------
Melee: Unarmed           |    14 |       |       |       ||    14
       Tailslap          |     8 |     8 |    19 |    22 ||    57
       Short sword       |    43 |    70 |   172 |       ||   285
       Dagger            |       |       |       |   181 ||   181
       War axe           |       |       |       |     8 ||     8
 Cast: Magic Dart        |    60 |    37 |   113 |    69 ||   279
       Searing Ray       |     6 |    11 |    62 |    92 ||   171
       Dazzling Flash    |       |       |       |     4 ||     4
       Fulminant Prism   |       |       |       |     9 ||     9
       Iskenderun's Myst |       |       |       |     6 ||     6
Invok: Curse Item        |       |       |     2 |     1 ||     3
 Abil: Breathe Dispellin |       |       |     4 |       ||     4
Evoke: Wand              |       |       |       |     2 ||     2
  Use: Scroll            |     2 |     5 |     7 |     1 ||    15
       Potion            |       |       |     1 |     1 ||     2
 Stab: Sleeping          |     3 |     2 |    14 |     5 ||    24
       Invisible         |       |       |       |     2 ||     2
Armor: Skin              |    12 |    28 |    48 |   113 ||   201
Dodge: Dodged            |    21 |    31 |    88 |   213 ||   353
Block: Buckler           |       |       |     2 |   109 ||   111

Table legend: (Time is in decaauts)
 A = Elapsed time spent in this place.
 B = Non-inter-level travel time spent in this place.
 C = Inter-level travel time spent in this place.
 D = Time resting spent in this place.
 E = Time spent auto-exploring this place.
 F = Levels seen in this place.
 G = Mean time per level.
                   A        B        C        D        E       F      G
               +--------+--------+--------+--------+--------+-----+--------+
         Total |  16547 |  16229 |    318 |    697 |  13277 |  14 | 1181.9 |
       Dungeon |  10188 |   9958 |    230 |    383 |   8480 |   8 | 1273.5 |
        Temple |     69 |     51 |     18 |      0 |     42 |   1 |   69.0 |
          Lair |   3760 |   3691 |     69 |     27 |   3061 |   3 | 1253.3 |
       Ossuary |    708 |    708 |      0 |     40 |    492 |   1 |  708.0 |
      Ice Cave |   1820 |   1820 |      0 |    247 |   1201 |   1 | 1820.0 |
               +--------+--------+--------+--------+--------+-----+--------+

Top non-repeatable levels by time:
  Lair:2: 1898 daAuts
  Lair:1: 1829 daAuts
   IceCv: 1820 daAuts
     D:6: 1573 daAuts
     D:3: 1424 daAuts
     D:7: 1339 daAuts
     D:8: 1265 daAuts
     D:4: 1242 daAuts
     D:5: 1195 daAuts
     D:2: 1076 daAuts
     D:1: 1071 daAuts
 Ossuary: 708 daAuts
  Temple: 69 daAuts
  Lair:3: 32 daAuts
